AoeStats
← jphilkill

Arena

509346329Analyzed
4v4 RM · 6d ago on Sep 26, 2026· 26m 21s· 8 players
Game mode
Random Map
Map size
Large (8 player)
Population
200
Speed
Normal
Resources
Standard
Victory
Conquest
Starting age
Dark Age
Ending age
Imperial Age
RankedLock teamsTeams togetherTeam positionsShared explorationLock speedFull tech treeHidden civsTurbo modeCheats
Victory
Defeat
🇨🇳 Varangians · China
886
+13
🇹🇼 Britons · Taiwan
817
+15
🇸🇪 Celts · Sweden
785
+17
🇨🇳 Mongols · China
687
+20
🇵🇰 Jurchens · Pakistan
900
-20
🇩🇪 Franks · Germany
865
-19
🇮🇹 Persians · Italy
755
-14
🇮🇹 Bohemians · Italy
693
-12
小闪酱
1:04 Loom
11:05 Feudal Age
12:54 Horse Collar
13:01 Double-Bit Axe
20:33 Castle Age
21:20 Gold Mining
21:21 Stone Mining
24:31 Fletching
Kanna Kamui
0:26 Loom
11:49 Feudal Age
13:28 Double-Bit Axe
15:31 Wheelbarrow
14:42 Horse Collar
18:39 Castle Age
16:50 Stone Mining
17:22 Fletching
17:47 Gold Mining
19:54 Bow Saw
19:45 Bodkin Arrow
25:13 Ballistics
26:34 Murder Holes
Wirsh
0:34 Loom
10:52 Feudal Age
16:05 Castle Age
15:09 Stone Mining
19:41 Gold Mining
23:50 Wheelbarrow
23:14 Double-Bit Axe
26:59 Forging
26:49 Scale Mail Armor
天下為公
12:32 Feudal Age
14:46 Horse Collar
14:53 Double-Bit Axe
17:18 Castle Age
15:27 Stone Mining
15:29 Gold Mining
16:29 Loom
19:49 Bloodlines
19:39 Husbandry
25:21 Forging
ALAM-THE-GHAZAI
13:09 Feudal Age
15:08 Wheelbarrow
14:44 Double-Bit Axe
15:13 Horse Collar
17:39 Castle Age
16:31 Stone Mining
20:54 Town Watch
24:24 Treadmill Crane
DogeDogOfVenice
0:51 Loom
10:33 Feudal Age
11:59 Wheelbarrow
11:20 Double-Bit Axe
12:06 Horse Collar
19:15 Castle Age
19:52 Scale Mail Armor
19:50 Man-at-Arms
20:32 Squires
raffaelepierri1987
9:51 Feudal Age
20:46 Castle Age
18:33 Horse Collar
19:02 Stone Mining
19:15 Double-Bit Axe
19:54 Gold Mining
21:46 Heavy Plow
23:05 Wheelbarrow
25:00 Gold Shaft Mining
24:37 Bow Saw
jphilkill
1:01 Loom
11:28 Feudal Age
16:12 Castle Age
15:18 Double-Bit Axe
15:33 Gold Mining
16:06 Stone Mining
18:52 Bow Saw
21:42 Wheelbarrow
22:46 Scale Mail Armor
Connection lost

Rejoining the realm…

Still unreachable

The connection could not be restored.

Session expired

The server has moved on; the page needs a fresh start.